Map: [ESL] Gresvan

Players

Serral - Winner!

  • Race: Zerg Zerg
  • Spawn Location: 5:00

Elazer

  • Race: Zerg Zerg
  • Spawn Location: 11:00

Event: IEM Katowice 2023

VOD

Have the link to the VOD?

Description

Time

  • Played on: Feb. 11, 2023, 7:18 a.m.
  • Length: 8:33

All games in this series

Show
View Real Time Build Order
Export as new Build Order

Serral Zerg - Winner!

Build Orders: Hatch First 

Get SALT Encoding   

  12  0:00  Drone  
  13  0:11  Overlord  
  13  0:16  Drone  
  14  0:29  Drone x2  
  16  0:48  Hatchery  
  15  0:50  Drone  
  15  0:54  Drone  
  17  0:57  Drone  
  18  1:08  Extractor  
  17  1:12  Spawning Pool  
  17  1:15  Drone  
  17  1:19  Drone  
  18  1:27  Drone  
  19  1:37  Drone  
  20  1:57  Drone  
  20  1:59  Queen x2  
  20  2:00  Zergling x2  
  26  2:01  Overlord  
  26  2:10  Drone x2  
  28  2:21  Zergling x2  
  28  2:22  Drone  
  30  2:29  Metabolic Boost  
  30  2:33  Hatchery  
  30  2:35  Drone  
  30  2:39  Drone  
  30  2:43  Drone  
  32  2:46  Baneling Nest  
  31  2:51  Overlord  
  31  2:54  Drone  
  32  2:59  Drone  
  33  3:08  Drone x3  
  33  3:10  Drone  
  33  3:11  Zergling x4  
  33  3:12  Zergling x2  
  40  3:16  Overlord  
  40  3:19  Zergling x2  
  41  3:21  Drone  
  41  3:26  Queen  
  44  3:35  Drone x2  
  44  3:38  Drone x4  
  50  3:43  Drone x2  
  50  3:45  Overlord  
  52  3:49  Drone  
  52  3:50  Drone  
  54  3:58  Drone  
  54  3:59  Evolution Chamber  
  54  4:01  Roach Warren  
  53  4:08  Extractor  
  53  4:09  Drone x2  
  54  4:12  Drone x2  
  54  4:13  Drone x2  
  54  4:16  Zergling x6  
  60  4:19  Zergling x4  
  62  4:24  Zerg Missile Weapons Level 1  
  62  4:26  Zergling x2  
  62  4:30  Baneling x2  
  63  4:31  Baneling  
  63  4:32  Drone x2  
  63  4:35  Overlord  
  63  4:37  Drone  
  66  4:40  Overlord  
  66  4:43  Overlord  
  66  4:45  Overlord  
  66  4:48  Overlord  
  66  4:51  Overlord  
  66  4:53  Overlord  
  66  4:59  Overlord  
  65  5:00  Lair  
  65  5:04  Extractor, Drone x6  
  69  5:10  Drone x2  
  69  5:12  Drone x2  
  69  5:13  Drone  
  73  5:17  Drone x2  
  74  5:22  Drone x3  
  74  5:23  Extractor  
  74  5:24  Overlord  
  74  5:27  Extractor  
  74  5:28  Roach x2  
  79  5:30  Roach x3  
  79  5:34  Roach  
  86  5:36  Overlord  
  86  5:41  Roach  
  88  5:46  Roach  
  88  5:47  Roach x3  
  96  5:50  Spine Crawler  
  96  5:51  Roach x3  
  96  5:54  Overlord  
  101  5:57  Overseer  
  101  5:58  Glial Reconstitution  
  101  5:59  Roach  
  103  6:08  Roach x4  
  111  6:13  Drone x2  
  111  6:18  Extractor  
  113  6:19  Drone x4  
  113  6:22  Drone x3, Overseer  
  120  6:27  Overlord  
  120  6:30  Overlord, Hatchery  
  119  6:33  Roach  
  119  6:36  Roach x4  
  126  6:43  Roach x2  
  126  6:46  Roach  
  127  6:48  Roach  
  127  6:53  Roach  
  127  6:58  Spire  
  127  6:59  Roach x6  
  127  7:01  Overlord  
  138  7:07  Roach x4  
  146  7:10  Roach  
  146  7:13  Extractor  
  146  7:14  Drone x2  
  149  7:18  Overlord  
  147  7:24  Roach x2  
  147  7:27  Roach x6  
  147  7:28  Roach  
  155  7:35  Roach  
  155  7:36  Roach x2  
  149  7:38  Roach x2  
  149  7:43  Roach x2  
  153  7:47  Roach  
  153  7:51  Roach  
  149  7:54  Roach x5  
  149  7:56  Queen  
  159  7:59  Roach  
  159  8:01  Overlord  
  159  8:02  Roach x2  
  161  8:06  Roach x2  
  161  8:13  Roach x4  
Show
View Real Time Build Order
Export as new Build Order

Elazer Zerg 

Build Orders: Hatch First 

Get SALT Encoding   

  12  0:00  Drone  
  13  0:12  Overlord  
  13  0:17  Drone  
  14  0:31  Drone x2  
  16  0:48  Hatchery  
  15  0:50  Drone  
  15  0:54  Drone  
  17  0:57  Drone  
  18  1:09  Extractor  
  17  1:12  Spawning Pool  
  17  1:15  Drone  
  17  1:19  Drone  
  18  1:28  Drone  
  19  1:39  Drone  
  20  1:50  Drone  
  21  1:59  Queen x2  
  21  2:00  Zergling x2  
  21  2:01  Overlord  
  26  2:09  Metabolic Boost  
  26  2:10  Drone  
  26  2:11  Drone  
  28  2:21  Zergling x2  
  28  2:22  Drone  
  30  2:32  Hatchery  
  30  2:35  Drone  
  30  2:37  Drone  
  31  2:44  Baneling Nest  
  31  2:48  Drone  
  31  2:50  Overlord  
  31  2:54  Drone x2  
  33  3:04  Drone x2  
  35  3:07  Overlord  
  35  3:08  Drone  
  35  3:11  Drone  
  35  3:12  Zergling x2  
  38  3:14  Zergling x2  
  38  3:15  Zergling x2  
  38  3:19  Drone x2  
  42  3:24  Queen  
  44  3:30  Drone x2  
  46  3:40  Drone x6  
  52  3:45  Drone x2  
  54  3:51  Overlord  
  53  3:55  Drone x2  
  53  3:59  Baneling  
  55  4:05  Lair  
  55  4:06  Zergling x4  
  55  4:09  Overlord, Roach Warren  
  56  4:17  Drone x4  
  56  4:20  Drone x4  
  56  4:23  Drone  
  65  4:25  Extractor  
  65  4:27  Overlord  
  64  4:35  Extractor  
  64  4:36  Drone  
  64  4:37  Drone x3  
  64  4:38  Extractor  
  66  4:40  Drone x2  
  66  4:42  Overlord  
  68  4:47  Drone x2  
  68  4:48  Overlord  
  68  4:50  Drone x5  
  75  4:54  Overlord  
  75  4:56  Overlord  
  74  5:00  Extractor  
  74  5:01  Roach  
  74  5:04  Glial Reconstitution  
  68  5:07  Roach  
  68  5:08  Roach x4  
  76  5:14  Roach  
  76  5:15  Queen  
  73  5:23  Roach  
  73  5:24  Roach x6  
  86  5:31  Drone x2  
  86  5:33  Overseer  
  86  5:35  Drone x2  
  90  5:39  Overlord  
  90  5:42  Extractor  
  89  5:44  Spire  
  89  5:46  Drone x2  
  89  5:47  Drone  
  91  5:52  Drone x4  
  91  5:56  Drone x2  
  96  5:59  Drone  
  97  6:07  Drone x2  
  97  6:10  Overlord  
  99  6:18  Hatchery  
  98  6:20  Zergling x6  
  98  6:22  Overlord  
  99  6:36  Spire  
  99  6:37  Roach x10  
  113  6:40  Spire  
  91  6:49  Overlord  
  91  6:50  Drone x2  
  93  6:56  Roach x4  
  93  6:58  Roach, Hatchery  
  102  7:01  Ravager  
  102  7:06  Roach x3  
  109  7:10  Ravager x3  
  109  7:12  Roach  
  109  7:15  Roach x4  
  119  7:24  Roach x2  
  111  7:31  Roach x7  
  111  7:35  Roach  
  114  7:37  Queen  
  114  7:38  Queen  
  110  7:46  Roach x4  
  110  7:50  Roach x3  
  112  7:55  Roach x2  
  110  8:02  Roach x4  
  111  8:06  Roach  
  111  8:07  Roach  
  111  8:12  Roach x2  

Tags
 
Add a new tag
Caveats
  • Supply blocks, unpowered buildings, or Contaminate may cause inaccurate times.
  • Supply counts are checked every 10 seconds.